 Dungeon Crawl Stone Soup version 0.30-a0-1074-g5db6f66fbb (webtiles) character file.

Game seed: 4077485024048928149

62 jimonade the Grasshopper (level 4, -1/30 HPs)
             Began as an Octopode Warper on Apr 14, 2023.
             Slain by Sigmund
             ... wielding a +0 scythe
              (4 damage)
             ... on level 3 of the Dungeon.
             The game lasted 00:02:41 (1636 turns).

jimonade the Grasshopper (Octopode Warper)          Turns: 1636, Time: 00:02:41

Health: -1/30      AC:  1    Str: 12    XL:     4   Next: 8%
Magic:  7/7        EV: 13    Int: 15    God:
Gold:   111        SH:  0    Dex: 11    Spells: 7/7 levels left

rFire   . . .      SeeInvis .    a - +0 hand axe
rCold   . . .      Faith    .    (no shield)
rNeg    . . .      Spirit   .    (helmet restricted)
rPois   .          Reflect  .    (no amulet)
rElec   .          Rampage  .    (no ring)
rCorr   .                        (no ring)
Will    .....                    (no ring)
Stlth   ++                       (no ring)
HPRegen 0.25/turn                (no ring)
MPRegen 0.10/turn                (no ring)
                                 (no ring)
                                 (no ring)

@: confused
A: almost no armour, amphibious, 8 rings, camouflage 1, gelatinous body 1,
(nimble swimmer 1), tentacles
a: no special abilities


You were on level 3 of the Dungeon.
You visited 1 branch of the dungeon, and saw 3 of its levels.

You collected 111 gold pieces.

Inventory:

Hand Weapons
 a - a +0 hand axe (weapon)
 b - a +0 sling
 e - a +0 mace
Missiles
 c - 7 boomerangs of dispersal (quivered)
Jewellery
 f - a ring of fire
 j - a +5 ring of evasion
Scrolls
 d - a scroll of blinking
 h - 2 scrolls of poison {unknown}
 k - a scroll of enchant armour {unknown}
 l - a scroll of noise {unknown}
Potions
 g - a potion of degeneration {unknown}
 i - a potion of cancellation {unknown}


   Skills:
 + Level 2.7 Fighting
 + Level 2.4 Axes
 + Level 1.2 Throwing
 + Level 2.5 Dodging
 + Level 1.5 Stealth
 + Level 2.2 Spellcasting
 * Level 3.5 Translocations


You had 7 spell levels left.
You didn't know any spells.
Your spell library contained the following spells:

 Spells                   Type           Power      Damage    Failure   Level
 Blink                    Tloc           24%        N/A       8%          2
 Lesser Beckoning         Tloc           24%        N/A       8%          2
 Teleport Other           Tloc           12%        N/A       16%         3
 Cigotuvi's Dreadful Rot  Necr/Pois/Air  2%         N/A       32%         2
 Vhi's Electric Charge    Tloc/Air       12%        N/A       32%         3
 Manifold Assault         Tloc           12%        N/A       45%         4
 Dispel Undead            Necr           1%         3d6       91%         4
 Death Channel            Necr           0%         N/A       100%        6


Dungeon Overview and Level Annotations

Branches:
Dungeon (3/15)

Altars:

Annotations:
D:3 Sigmund


Innate Abilities, Weirdness & Mutations

You cannot wear most types of armour.
You are amphibious.
You can wear up to eight rings at the same time.
Your skin changes colour to match your surroundings (Stealth+).
Your rubbery body absorbs attacks. (AC +1, EV +1)
((You are camouflaged when in or above water. (Stealth+)))
You have tentacles for arms and can constrict up to eight enemies at once.


Message History

Sigmund hits you from afar with a +0 scythe.
You bump into the rock wall.
Sigmund misses you.
You're too confused to move!
Sigmund barely misses you.
You bump into the rock wall.
Sigmund attacks as you move away! Sigmund hits you with a +0 scythe.
You feel less confused.
Sigmund hits you from afar with a +0 scythe.
You closely miss Sigmund. You grab Sigmund. You constrict Sigmund.
Sigmund closely misses you.
You hit Sigmund.
Sigmund is lightly wounded.
You constrict Sigmund, but do no damage.
Sigmund casts a spell at you. The magic dart hits you.
You hit Sigmund but do no damage.
Sigmund is lightly wounded.
You constrict Sigmund. Sigmund gestures at you while chanting.
The magic dart hits you!
You hit Sigmund but do no damage. You squeeze Sigmund, but do no damage.
Sigmund is lightly wounded.
You constrict Sigmund. Sigmund barely misses you.
You hit Sigmund. You squeeze Sigmund.
Sigmund is severely wounded.
You constrict Sigmund. Sigmund casts a spell at you.
You are confused.
You bump into the rock wall.
You constrict Sigmund. Sigmund casts a spell at you.
You are more confused.
You completely miss Sigmund. Your squeeze misses Sigmund.
Sigmund is almost dead.
You constrict Sigmund. Sigmund casts a spell at you. The magic dart hits you!
* * * LOW HITPOINT WARNING * * *
You release your grip on Sigmund.
Sigmund barely misses you.
You bump into the rock wall.
Sigmund hits you from afar with a +0 scythe.
You die...

#.# #.###.### #####.#
#.# #.# ......# #.#
#.# ####### #.# #.#
#.# #.# #.# #.#
################.###.#
.........†......@.@..#
################.#####
#...........
############


You could see Sigmund (empowered).

Vanquished Creatures
  A gnoll (D:1)
  A dart slug (D:1)
  An orc (D:3)
  4 endoplasms
  A giant cockroach (D:1)
  6 goblins
  6 hobgoblins
  4 jackals (D:2)
  2 quokkas (D:1)
  5 ball pythons
  4 bats
  2 frilled lizards (D:2)
  5 kobolds
  A rat (D:2)
43 creatures vanquished.

Notes
Turn   | Place    | Note
-------+----------+-------------------------------------------
     0 | D:1      | jimonade the Octopode Warper began the quest for the Orb.
     0 | D:1      | Reached XP level 1. HP: 14/14 MP: 3/3
   117 | D:1      | Reached XP level 2. HP: 20/20 MP: 5/5
   225 | D:1      | Reached XP level 3. HP: 25/25 MP: 6/6
  1062 | D:2      | Reached skill level 1 in Stealth
  1519 | D:3      | Reached XP level 4. HP: 29/30 MP: 7/7
  1526 | D:3      | Found a faded altar of an unknown god.
  1615 | D:3      | Noticed Sigmund
  1636 | D:3      | Slain by Sigmund

Illustrated notes

Levels and vault maps discovered:
D:1:      tekkud_arrival_beachfront_property, layout_basic
D:2:      layout_loops_ring, minmay_misc_feat_five
D:3:      layout_basic, mainiacjoe_overflow_alcove_4,
          hellmonk_ecumenical_altar_lost_god, uniq_grinder, uniq_robin,
          uniq_sigmund

Skill      XL: |  1  2  3 |
---------------+----------+-----
Stealth        | 1 |  1.5
Fighting       | |  2.7
Axes           | |  2.4
Throwing       | |  1.2
Dodging        | |  2.5
Spellcasting   | |  2.2
Translocations | |  3.5

Action                     |  1- 3 |  4- 6 || total
---------------------------+-------+-------++-------
  Melee: Hand axe          |    68 |    12 ||    80
         Constrict         |    21 |     4 ||    25
         Tentacles         |    14 |     4 ||    18
         Punch             |     1 |       ||     1
   Fire: Sling             |     5 |       ||     5
   Stab: Sleeping          |    10 |     1 ||    11
 Armour: Skin              |     5 |       ||     5
  Dodge: Dodged            |    35 |     6 ||    41

Table legend: (Time is in decaauts)
 A = Elapsed time spent in this place.
 B = Non-inter-level travel time spent in this place.
 C = Inter-level travel time spent in this place.
 D = Time resting spent in this place.
 E = Time spent auto-exploring this place.
 F = Levels seen in this place.
 G = Mean time per level.
                   A        B        C        D        E       F      G
               +--------+--------+--------+--------+--------+-----+--------+
         Total |   1648 |   1588 |     60 |      0 |   1303 |   3 |  549.3 |
       Dungeon |   1648 |   1588 |     60 |      0 |   1303 |   3 |  549.3 |
               +--------+--------+--------+--------+--------+-----+--------+

Top non-repeatable levels by time:
     D:2: 905 daAuts
     D:1: 609 daAuts
     D:3: 134 daAuts
